 Dungeon Crawl Stone Soup version 0.18.1-8-gdd0e5ea (webtiles) character file.

284 Quirk the Skirmisher (level 6, -1/62 HPs)
             Began as a Troll Fighter on May 26, 2016.
             Was an Initiate of Okawaru.
             Slain by an orc
             ... wielding a +0 trident
              (5 damage)
             ... on level 3 of the Dungeon.
             The game lasted 00:05:53 (2230 turns).

Quirk the Skirmisher (Troll Fighter)                Turns: 2230, Time: 00:05:54

Health: -1/62      AC:  2    Str: 27    XL:     6   Next: 7%
Magic:  5/5        EV:  8    Int:  4    God:    Okawaru [......]
Gold:   97         SH:  9    Dex:  9    Spells: 0 memorised, 5 levels left

rFire  . . .     SeeInvis .     a - +0 flail
rCold  . . .     Gourm    +     b - +0 robe
rNeg   . . .     Faith    .     c - +0 shield
rPois  +         Spirit   .     (helmet restricted)
rElec  .         Dismiss  .     g - +0 cloak
rCorr  .         Reflect  .     (gloves unavailable)
SustAt +         Harm     .     (boots unavailable)
MR     .....                    (no amulet)
Stlth  +.........               A - ring of sustain attributes
                                w - ring of poison resistance

@: corroded, not resistant to hostile enchantments, very unstealthy
A: unfitting armour, claws 3, fast metabolism 3, gourmand, regeneration 2,
shaggy fur 1, tough skin 2
a: Renounce Religion


You were on level 3 of the Dungeon.
You worshipped Okawaru.
Okawaru was noncommittal.
You were very full.

You visited 1 branch of the dungeon, and saw 3 of its levels.

You collected 97 gold pieces.

Inventory:

Hand Weapons
 a - a +0 flail (weapon)
Missiles
 x - a throwing net (quivered)
Armour
 b - a +0 robe (worn)
 c - a +0 shield (worn)
 g - a +0 cloak (worn)
Jewellery
 w - a ring of poison resistance (left claw)
 y - an uncursed ring of flight
 A - a ring of sustain attributes (right claw)
Wands
 s - a wand of iceblast (8/15)
Scrolls
 e - a scroll of fear {unknown}
 h - a scroll of random uselessness {unknown}
 l - 6 scrolls of identify {unknown}
 m - 2 scrolls of immolation {unknown}
 n - a scroll of teleportation {unknown}
 o - 2 scrolls of remove curse {unknown}
 q - 2 scrolls of magic mapping {unknown}
 v - a scroll of noise {unknown}
Potions
 j - 2 potions of agility {unknown}
 k - a potion of lignification {unknown}
 p - a potion of heal wounds {unknown}
 r - a potion of cancellation {unknown}
 u - a potion of mutation {unknown}
 z - 2 potions of curing {unknown}
Comestibles
 f - 2 bread rations
 i - 2 meat rations
 t - a slice of pizza
 B - 4 chunks of flesh


   Skills:
 * Level 3.7 Fighting
 * Level 3.2 Maces & Flails
 + Level 1.3 Armour
 * Level 3.3 Dodging
 + Level 3.0 Shields


You had 5 spell levels left.
You didn't know any spells.

Dungeon Overview and Level Annotations

Branches:
Dungeon (3/15)

Altars:
Okawaru
Ru
Zin


Innate Abilities, Weirdness & Mutations

You are too large for most types of armour.
You have claws for hands.
Your metabolism is lightning-fast.
You like to eat raw meat.
You heal very quickly.
You are covered in fur (AC +1).
You have very tough skin (AC +2).


Message History

The orc hits you but does no damage.
You hit the orc but do no damage. You block the bat's attack.
The orc closely misses you. You block the orc's attack.
You sock the orc!
You kill the orc!
Okawaru accepts your kill. The bat barely misses you.
The orc zaps a wand.
The bolt of acid hits you!
The acid burns!
It is a wand of acid.
The orc hits you with a trident.
You closely miss the bat. The bat barely misses you.
The bat hits you but does no damage. You block the bat's attack.
The orc zaps a wand.
The bolt of acid hits you!
* * * LOW HITPOINT WARNING * * *
The acid corrodes you!
The acid burns!
* * * LOW HITPOINT WARNING * * *
You block the orc's attack. x2
You closely miss the orc. The bat hits you but does no damage.
You block the orc's attack. x2
Unknown command.
You closely miss the orc. The orc hits you with a trident.
You die...

# #............ #.
#.#.#...###..
#.########.#.#....#)..
#..........#.###.....# #
#............# #######
#.#.#..........### ######
.#............# #.....
......bo.....######..... .
#.....o@.....#...)'.(...
.###.#..........#.####.....
..#...#'######.#.####....)
#.##....######.#...##.....
..#......... .#...##.....
#.#.###########...###+###
### #.#...............#
#.... #<#
#........########## #####
#.# #.........#


You could see 2 orcs and a bat.

Vanquished Creatures
  The ghost of Quirk the Skirmisher, an amateur TrFi (D:3)
  An orc priest (D:3)
  Ijyb (D:2)
  A gnoll (D:1)
  3 adders (D:2)
  An ooze (D:2)
  4 dart slugs (D:1)
  A giant gecko (D:2)
  5 orcs (D:3)
  3 giant cockroaches
  13 goblins
  6 hobgoblins
  16 jackals
  8 kobolds
  A ball python (D:3)
  11 bats
  A giant newt (D:1)
  A rat (D:1)
78 creatures vanquished.

Notes
Turn   | Place    | Note
--------------------------------------------------------------
     0 | D:1      | Quirk the Troll Fighter began the quest for the Orb.
     0 | D:1      | Reached XP level 1. HP: 22/22 MP: 0/0
   154 | D:1      | Reached XP level 2. HP: 29/29 MP: 1/1
   465 | D:1      | Reached XP level 3. HP: 33/36 MP: 2/2
  1078 | D:2      | Found a sacrificial altar of Ru.
  1146 | D:2      | Reached XP level 4. HP: 43/45 MP: 3/3
  1147 | D:2      | Found a glowing silver altar of Zin.
  1443 | D:2      | Reached skill level 1 in Armour
  1538 | D:2      | Noticed Ijyb
  1559 | D:2      | Killed Ijyb
  1559 | D:2      | Reached XP level 5. HP: 52/53 MP: 4/4
  2135 | D:3      | Noticed Quirk's ghost (amateur TrFi)
  2146 | D:3      | Killed Quirk's ghost
  2146 | D:3      | Reached XP level 6. HP: 33/62 MP: 5/5
  2186 | D:3      | Found an iron altar of Okawaru.
  2193 | D:3      | Became a worshipper of Warmaster Okawaru
  2228 | D:3      | HP: 2/62 [acid (14)]
  2230 | D:3      | Slain by an orc

Skill      XL: |  1  2  3  4  5 |
---------------+----------------+-----
Maces & Flails | 2 3 |  3.2
Fighting       | 3 |  3.7
Armour         | 1 |  1.3
Dodging        | 3 |  3.3
Shields        | 3 |  3.0

Action                   |  1- 3 |  4- 6 || total
-------------------------+-------+-------++-------
Melee: Flail             |   165 |   151 ||   316
  Use: Potion            |       |     1 ||     1
  Eat: Chunk             |    15 |    12 ||    27
Armor: Robe              |    94 |    80 ||   174
Dodge: Dodged            |    90 |    80 ||   170
Block: Shield            |    91 |   101 ||   192
